 Dungeon Sprint DCSS version 0.29.1-15-g9cfb28693d (webtiles) character file.

Game seed: 4010998406888332405

266 LynnLen the Covert (level 6, -6/28 HPs)
             Began as a Spriggan Enchanter on June 8, 2023.
             Splashed by a jelly's acid (8 damage)
             ... in the Dungeon (Sprint I: "Red Sonja").
             The game lasted 00:00:49 (86 turns).

LynnLen the Covert (Spriggan Enchanter)               Turns: 86, Time: 00:00:51

Health: -6/28      AC:  2    Str:  4    XL:     6   Next: 0%
Magic:  12/16      EV: 17    Int: 18    God:
Gold:   162        SH:  0    Dex: 16    Spells: 17/17 levels left

rFire   . . .      SeeInvis +   a - +1 dagger
rCold   . . .      Faith    .   (no shield)
rNeg    . . .      Spirit   .   b - +0 robe
rPois   .          Reflect  .   (helmet restricted)
rElec   .          Harm     .   (no cloak)
rCorr   .          Rampage  .   (gloves unavailable)
Will    +....      NoTele   +   (boots unavailable)
Stlth   +++++.....              (no amulet)
HPRegen 0.09/turn               (no ring)
MPRegen 0.15/turn               (no ring)

@: very quick
A: very small, no large weapons, unfitting armour, see invisible, speed 3
a: no special abilities


You were in the Dungeon.
You visited 1 branch You collected 162 gold pieces.

Inventory:

Hand Weapons
 a - a +1 dagger (weapon)
Armour
 b - a +0 robe (worn)
Wands
 f - a wand of flame (10)
Scrolls
 i - a scroll of blinking
Potions
 c - a potion of invisibility
 d - a potion of curing
 e - a potion of heal wounds
 g - 2 potions of magic
 h - a potion of berserk rage


   Skills:
 - Level 1.1 Short Blades
 - Level 2.6 Dodging
 + Level 13.1 Stealth
 + Level 6.3 Spellcasting
 + Level 10.4 Hexes


You had 17 spell levels left.
You didn't know any spells.
Your spell library contained the following spells:

 Spells                   Type           Power      Damage    Failure   Level
 Ensorcelled Hibernation  Hex/Ice        48%        N/A       1%          2
 Confusing Touch          Hex            43%        N/A       1%          3
 Tukima's Dance           Hex            43%        N/A       1%          3
 Dazzling Flash           Conj/Hex       48%        N/A       4%          3


Dungeon Overview and Level Annotations

Branches:
Dungeon (1/1)

Altars:
Sif Muna
Vehumet
Wu Jian


Innate Abilities, Weirdness & Mutations

You are very small and have problems with some larger weapons.
You are too small for most types of armour.
You have supernaturally acute eyesight. (SInv)
You cover ground extremely quickly. (Speed+++)


Message History

There is an open door here.
Found a radiant altar of Vehumet.
The jelly quivers.
You see here 2 dark potions.
You see here a +4 ring of evasion.
The jelly barely misses you.
There is an ornate altar of the Wu Jian Council here.
You hit the jelly.
Your hands burn!
The jelly is lightly wounded.
The jelly hits you.
You are splashed with acid.
You hit the jelly.
Your hands burn!
The jelly is heavily wounded.
The jelly closely misses you.
You hit the jelly.
Your hands burn!
The jelly is heavily wounded.
You flicker for a moment.
The jelly closely misses you.
You hit the jelly.
Your hands burn!
* * * LOW HITPOINT WARNING * * *
The jelly is severely wounded.
The jelly closely misses you.
You see here a +4 ring of evasion.
You see here 2 dark potions.
There is an open door here.
Okay, then.
You close the door.
You flicker back into view.
You hear a slurping noise.
The jelly eats the door!
You hit the jelly.
Your hands burn!
* * * LOW HITPOINT WARNING * * *
The jelly is severely wounded.
The jelly misses you.
You hit the jelly.
Your hands burn!
* * * LOW HITPOINT WARNING * * *
The jelly is almost dead.
The jelly hits you.
* * * LOW HITPOINT WARNING * * *
You are splashed with acid!
You die...

################
#<.#.)'..#.)'..#
#..'..#.)'..#.@+
#..#####'#####J#
#..# #..# #!#
#..# #### ##=#
#..# #_.+ #⌠⌠#
+..._# ####
#_.#+# ##+


You could see a jelly.

Vanquished Creatures
  Sigmund (D)
  An ogre (D)
  Ijyb (D)
3 creatures vanquished.

Notes
Turn   | Place    | Note
-------+----------+-------------------------------------------
     0 | D        | LynnLen the Spriggan Enchanter began the quest for the Orb.
     0 | D        | Reached XP level 1. HP: 9/9 MP: 5/5
     4 | D        | Noticed Ijyb
    18 | D        | Killed Ijyb
    19 | D        | Reached skill level 7 in Stealth
    19 | D        | Reached skill level 5 in Hexes
    19 | D        | Reached XP level 2. HP: 13/13 MP: 5/7
    19 | D        | Noticed an ogre
    22 | D        | Killed an ogre
    23 | D        | Reached skill level 10 in Stealth
    23 | D        | Reached skill level 5 in Spellcasting
    23 | D        | Reached XP level 3. HP: 16/16 MP: 5/10
    23 | D        | Reached XP level 4. HP: 21/21 MP: 6/12
    25 | D        | Noticed Sigmund
    28 | D        | Killed Sigmund
    29 | D        | Reached skill level 13 in Stealth
    29 | D        | Reached skill level 10 in Hexes
    29 | D        | Reached XP level 5. HP: 24/24 MP: 6/14
    29 | D        | Reached XP level 6. HP: 28/28 MP: 6/16
    70 | D        | Found an ornate altar of the Wu Jian Council.
    70 | D        | Found a shimmering blue altar of Sif Muna.
    72 | D        | Found a radiant altar of Vehumet.
    86 | D        | Splashed by a jelly's acid

Illustrated notes

Levels and vault maps discovered:
D:        dungeon_sprint_1 [red_sonja_temple_1, red_sonja_temple_small_1]

Skill      XL: |  1  2  3  4 |
---------------+-------------+-----
Stealth        | 7 10 13 | 13.1
Spellcasting   | 3 5 6 |  6.3
Hexes          | 5 8 10 | 10.4
Short Blades   | |  1.1
Dodging        | |  2.6

Action                   |  1- 3 |  4- 6 || total
-------------------------+-------+-------++-------
Melee: Dagger            |    13 |     7 ||    20
  Use: Potion            |     2 |       ||     2
 Stab: Invisible         |     2 |       ||     2
       Sleeping          |     2 |     1 ||     3
Dodge: Dodged            |     6 |     5 ||    11
